 Dungeon Crawl Stone Soup version 0.16-a0-1885-g0f03bb0 (webtiles) character file.

375 Kraw the Ruffian (level 6, 0/47 HPs)
             Began as a Draconian Transmuter on Nov 7, 2014.
             Slain by an orc wizard
             ... wielding a +0 dagger
              (6 damage)
             ... on level 4 of the Dungeon.
             The game lasted 00:17:28 (3093 turns).

Kraw the Ruffian (Draconian Transmuter)             Turns: 3093, Time: 00:17:28

Health: 0/47       AC:  6    Str: 12    XL:     6   Next: 44%
Magic:  9/9        EV: 12    Int: 16    God:
Gold:   121        SH:  0    Dex: 11    Spells: 2 memorised, 5 levels left

rFire  + . .     SeeInvis .       - Unarmed
rCold  + . .     Clarity  .     (armour unavailable)
rNeg   . . .     SustAb   .     (no shield)
rPois  +         Gourm    .     (helmet restricted)
rElec  +         Spirit   .     (no cloak)
rCorr  +         Warding  .     (no gloves)
rMut   .         Stasis   .     (no boots)
MR     .....                    (no amulet)
Stlth  +.........               (no ring)
                                (no ring)

@: resistant, not resistant to hostile enchantments, very unstealthy
A: unfitting armour, low mp 1, cold-blooded, AC +6
a: no special abilities


You were on level 4 of the Dungeon.
You were not hungry.

You visited 1 branch of the dungeon, and saw 4 of its levels.

You collected 121 gold pieces.

Inventory:

Missiles
 b - 43 arrows
 i - 2 arrows of frost
 r - 14 poisoned needles
Jewellery
 m - an uncursed amulet of resist corrosion {unknown}
 n - an uncursed amulet of faith {unknown}
 t - an uncursed amulet of regeneration {unknown}
Scrolls
 f - 4 scrolls of recharging {unknown}
 g - 3 scrolls of random uselessness {unknown}
 h - 5 scrolls of identify {unknown}
 j - a scroll of remove curse {unknown}
 k - a scroll of enchant weapon {unknown}
 o - a scroll of teleportation {unknown}
 v - a scroll of noise {unknown}
Potions
 c - a potion of heal wounds {unknown}
 e - a potion of mutation
 q - a potion of cure mutation {unknown}
 s - a potion of cancellation {unknown}
 u - a potion of resistance
 w - a potion of brilliance {unknown}
 z - a potion of curing {unknown}
 A - a potion of confusion {unknown}
Books
 d - a book of Changes

   Spells                             Type                      Level
   *Beastly Appendage                 Transmutation                1
   Sticks to Snakes                   Transmutation                2
   *Spider Form                       Transmutation/Poison         3
   Ice Form                           Ice/Transmutation            4
   Blade Hands                        Transmutation                5
Comestibles
 a - 2 bread rations
 l - 2 meat rations
 p - a royal jelly
 x - a chunk of flesh


   Skills:
 - Level 1.1 Fighting
 - Level 1.7 Dodging
 - Level 5.1 Unarmed Combat
 - Level 2.0 Spellcasting
 * Level 4.9 Transmutations
 - Level 2.2 Poison Magic


You had 5 spell levels left.
You knew the following spells:

 Your Spells              Type           Power        Failure   Level  Hunger
a - Beastly Appendage     Trmt           ###...       3%          1    #......
b - Spider Form           Trmt/Pois      ##........   14%         3    ###....


Dungeon Overview and Level Annotations

Branches:
Dungeon (4/15)
 Temple: D:4-7

Altars:
Gozag
Ru


Innate Abilities, Weirdness & Mutations

Your plain brown scales are hard (AC +6).
Your body does not fit into most forms of armour.
Your cold-blooded metabolism reacts poorly to cold.
Your magical capacity is low (-10% MP).


Message History

You completely miss something. You claw something.
Something hits you but does no damage. Something hits you.
* * * LOW HITPOINT WARNING * * *
You bump into the rock wall.
Something hits you.
* * * LOW HITPOINT WARNING * * *
Drink which item? (? for menu, Esc to quit)
You feel extremely strange.
You feel less energetic.
It was a potion of mutation.
Your talons disappear.
Something hits you but does no damage.
Drink which item? (? for menu, Esc to quit)
You feel protected.
It was a potion of resistance.
Something hits you but does no damage.
You bump into the rock wall.
Something hits you but does no damage.
You bump into the rock wall.
You feel less confused. Something hits you.
You die...

#...#. ### #.....
#.#######...(#
##.<.(........#
##...).....[...#
########......######..#
#...##...)...## .. ...
##>..).......## . #..
##...@.###...# #.#
##..### #......... ##.#
#.## #........ #..#
##..# #.....### # #..#
##...### #..####
####..######......# ...#
.......>#....###.......#
...<.......### #.....##
.....###...# ##....


There were no monsters in sight!

Vanquished Creatures
  Sigmund (D:3)
  A hound (D:3)
  An iguana (D:3)
  A worker ant (D:3)
  Natasha (D:4)
  6 adders
  6 worms
  3 giant geckos
  An ooze (D:3)
  9 orcs
  A ball python (D:3)
  4 giant cockroaches
  12 hobgoblins
  6 kobolds
  4 quokkas
  12 bats
  7 giant newts
  9 goblins
  7 rats
92 creatures vanquished.

Notes
Turn   | Place    | Note
--------------------------------------------------------------
     0 | D:1      | Kraw, the Draconian Transmuter, began the quest for the Orb.
     0 | D:1      | Reached XP level 1. HP: 16/16 MP: 3/3
   168 | D:1      | Reached XP level 2. HP: 12/23 MP: 2/4
   520 | D:1      | Reached skill level 4 in Unarmed Combat
   756 | D:2      | Reached XP level 3. HP: 28/28 MP: 4/6
   909 | D:2      | Found an opulent altar of Gozag.
  1331 | D:2      | Reached XP level 4. HP: 33/35 MP: 5/7
  1381 | D:2      | Reached skill level 5 in Unarmed Combat
  1527 | D:3      | Learned a level 3 spell: Spider Form
  1846 | D:3      | Reached skill level 1 in Poison Magic
  2035 | D:3      | Reached XP level 5. HP: 40/40 MP: 5/9
  2267 | D:3      | Found a sacrificial altar of Ru.
  2309 | D:3      | Noticed Sigmund
  2318 | D:3      | Killed Sigmund
  2318 | D:3      | Reached XP level 6. HP: 47/47 MP: 6/10
  2619 | D:4      | Noticed Natasha
  2753 | D:4      | Killed Natasha
  3090 | D:4      | Gained mutation: Your magical capacity is low (-10% MP). [potion of mutation]
  3093 | D:4      | Slain by an orc wizard

Action                   |  1- 3 |  4- 6 || total
-------------------------+-------+-------++-------
Melee: Unarmed           |   122 |   214 ||   336
Throw: Tomahawk          |       |    13 ||    13
 Cast: Beastly Appendage |    18 |    10 ||    28
       Spider Form       |       |     5 ||     5
 Abil: End Transformatio |       |     1 ||     1
  Use: Potion            |       |     2 ||     2
  Eat: Chunk             |     2 |     7 ||     9
